 Dungeon Crawl Stone Soup version 0.20.1-2-g1830e616b0 (webtiles) character file.

144 Alfie the Shooter (level 5, -2/44 HPs)
             Began as a Minotaur Hunter on Feb 11, 2020.
             Slain by Alfie's ghost (10 damage)
             ... on level 3 of the Dungeon.
             The game lasted 00:06:53 (2138 turns).

Alfie the Shooter (Minotaur Hunter)                 Turns: 2138, Time: 00:06:53

Health: -2/44      AC:  5    Str: 17    XL:     5   Next: 5%
Magic:  4/4        EV: 12    Int:  8    God:
Gold:   159        SH:  0    Dex: 11    Spells: 4/4 levels left

rFire    . . .     SeeInvis .   a - +1 shortbow
rCold    . . .     Gourm    .   (shield currently unavailable)
rNeg     . . .     Faith    .   c - +0 leather armour
rPois    .         Spirit   .   (helmet restricted)
rElec    .         Reflect  .   (no cloak)
rCorr    .         Harm     .   (no gloves)
MR       .....                  v - +1 pair of boots
Stlth    +.........             (no amulet)
Regen    0.2/turn               (no ring)
MPRegen  0.1/turn               (no ring)

@: flying
A: retaliatory headbutt, horns 2
a: no special abilities


You were on level 3 of the Dungeon.
You were not hungry.

You visited 1 branch of the dungeon, and saw 3 of its levels.

You collected 159 gold pieces.

Inventory:

Hand Weapons
 a - a +1 shortbow (weapon)
 b - a +0 short sword
Missiles
 d - 31 arrows (quivered)
 t - 6 tomahawks
Armour
 c - a +0 leather armour (worn)
 v - a +1 pair of boots (worn)
 y - a +0 pair of gloves
Jewellery
 l - an uncursed ring of resist corrosion
Scrolls
 h - 4 scrolls of identify
 k - a scroll of fear {unknown}
 m - a scroll of blinking {unknown}
 n - a scroll of amnesia {unknown}
 q - a scroll of enchant weapon {unknown}
 s - a scroll of teleportation
 u - a scroll of remove curse {unknown}
 w - a scroll of noise {unknown}
Potions
 e - a potion of curing {unknown}
 i - 3 potions of magic {unknown}
 j - a potion of might {unknown}
 p - a potion of ambrosia {unknown}
 x - 3 potions of flight
Comestibles
 f - 2 bread rations
 g - 3 royal jellies
 o - a meat ration
 r - 3 fruits


   Skills:
 + Level 2.9 Fighting
 + Level 6.6 Bows
 + Level 1.3 Armour
 + Level 2.1 Dodging
 + Level 0.7 Stealth


You had 4 spell levels left.
You didn't know any spells.

Dungeon Overview and Level Annotations

Branches:
Dungeon (3/15)

Altars:
Fedhas
Uskayaw
The Shining One

Annotations:
D:3 Alfie's ghost, amateur MiHu


Innate Abilities, Weirdness & Mutations

You reflexively headbutt those who attack you in melee.
You have a pair of horns on your head.


Message History

Aim: Alfie's ghost You shoot an arrow.
The arrow misses Alfie's ghost.
Alfie's ghost hits you!
* * * LOW HITPOINT WARNING * * *
Firing (i - inventory. (,) - cycle):
d - 33 arrows (quivered)
Press: ? - help, Shift-Dir - straight line, f/p - Alfie's ghost
Aim: Alfie's ghost You shoot an arrow.
The arrow hits Alfie's ghost.
Alfie's ghost is lightly damaged.
Alfie's ghost hits you but does no damage.
Firing (i - inventory. (,) - cycle):
d - 32 arrows (quivered)
Press: ? - help, Shift-Dir - straight line, f/p - Alfie's ghost
Aim: Alfie's ghost (lightly damaged)
You shoot an arrow.
The arrow hits Alfie's ghost but does no damage.
Alfie's ghost is lightly damaged.
Alfie's ghost hits you but does no damage.
It was a potion of flight.
You feel very buoyant.
You fly up into the air.
Alfie's ghost hits you!
You die...

...........+.......###
##......####...##....########.[.
...#...........##..............#
...#.#.####....##.........###..#
..(#.#.# #....#(..#...##########
.###.#.####....#.###...#.........
...#.#....#....#.###...#..#...#..
...#.#..........W...##'#_........
...#.#.##.##....@).....#..#...#..
...#)#......###..<.....#.........
...#.#.#.##.# ##.###...##########
...#.#....#.####.###.....#.<....#
...#<#.#..#.#..#.........#.#####.
...#.#.#..#.#.)#.........#.### #.
####.#.#..#.#........##.[†...# #.
.....#.#....##.####..........# #.
.....#....#..................###.


You could see Alfie's ghost.

Vanquished Creatures
  An orc priest (D:2)
  An orc wizard (D:3)
  2 adders (D:2)
  3 worms
  A dart slug (D:3)
  2 leopard geckos
  4 orcs
  3 giant cockroaches
  2 goblins
  6 hobgoblins
  2 kobolds (D:3)
  2 quokkas (D:2)
  10 bats
  5 frilled lizards
  8 rats
  2 fungi (D:1)
54 creatures vanquished.

Notes
Turn   | Place    | Note
-------+----------+-------------------------------------------
     0 | D:1      | Alfie the Minotaur Hunter began the quest for the Orb.
     0 | D:1      | Reached XP level 1. HP: 18/18 MP: 0/0
   184 | D:1      | Reached XP level 2. HP: 25/25 MP: 1/1
   473 | D:1      | Reached skill level 5 in Bows
   951 | D:2      | Reached XP level 3. HP: 15/30 MP: 2/2
  1059 | D:2      | Found a hide-covered altar of Uskayaw.
  1186 | D:2      | Found a glowing golden altar of the Shining One.
  1435 | D:2      | Reached skill level 1 in Armour
  1465 | D:2      | Reached skill level 6 in Bows
  1465 | D:2      | Reached XP level 4. HP: 34/37 MP: 3/3
  1610 | D:3      | Found a blossoming altar of Fedhas.
  1926 | D:3      | Reached XP level 5. HP: 44/44 MP: 4/4
  2126 | D:3      | Noticed Alfie's ghost (amateur MiHu)
  2138 | D:3      | Slain by Alfie's ghost

Skill      XL: |  1  2  3 |
---------------+----------+-----
Bows           | 5 6 |  6.6
Armour         | 1 |  1.3
Fighting       | |  2.9
Dodging        | |  2.1
Stealth        | |  0.7

Action                   |  1- 3 |  4- 6 || total
-------------------------+-------+-------++-------
Melee: Short sword       |    26 |       ||    26
       Headbutt          |     9 |       ||     9
 Fire: Shortbow          |   108 |    49 ||   157
  Use: Scroll            |     2 |     1 ||     3
       Potion            |       |     1 ||     1
  Eat: Bread ration      |     1 |       ||     1
Armor: Leather armour    |     9 |     6 ||    15
Dodge: Dodged            |    23 |     6 ||    29
